 Dungeon Crawl Stone Soup version 0.19.1-1-g22dce08 (webtiles) character file.

36 esteth the Shield-Bearer (level 3, -4/49 HPs)
             Began as a Minotaur Fighter on Jan 11, 2017.
             Was an Initiate of Okawaru.
             Slain by a gnoll
             ... wielding a +0 halberd
              (5 damage)
             ... on level 2 of the Dungeon.
             The game lasted 00:04:45 (662 turns).

esteth the Shield-Bearer (Minotaur Fighter)          Turns: 662, Time: 00:04:46

Health: -4/49      AC: 21    Str: 20    XL:     3   Next: 19%
Magic:  2/2        EV:  2    Int:  5    God:    Okawaru [......]
Gold:   40         SH:  9    Dex: 10    Spells: 0 memorised, 2 levels left

rFire  . . .     SeeInvis .     a - +0 war axe
rCold  . . .     Gourm    .     (armour currently unavailable)
rNeg   + + +     Faith    .     c - +0 shield
rPois  +         Spirit   .     (helmet currently unavailable)
rElec  .         Reflect  .     (cloak currently unavailable)
rCorr  .         Harm     .     (gloves currently unavailable)
MR     .....     NoTele   +     (boots currently unavailable)
Stlth  +.........               (no amulet)
                                (no ring)
                                (no ring)

@: tree-form
A: (retaliatory headbutt), (horns 0)
a: Renounce Religion


You were on level 2 of the Dungeon.
You worshipped Okawaru.
Okawaru was noncommittal.
You were not hungry.
You were a tree.
You visited 1 branch of the dungeon, and saw 2 of its levels.

You collected 40 gold pieces.

Inventory:

Hand Weapons
 a - a +0 war axe (weapon)
Armour
 b - a +0 scale mail (melded)
 c - a +0 shield (worn)
Potions
 d - a potion of might
 e - a potion of lignification
Comestibles
 f - a bread ration {@e1}
 g - a chunk of flesh {@w0}


   Skills:
 - Level 3.9 Fighting
 + Level 3.9 Axes
 - Level 3.7 Armour
 - Level 3.9 Shields


You had 2 spell levels left.
You didn't know any spells.

Dungeon Overview and Level Annotations

Branches:
Dungeon (2/15)

Altars:
Okawaru


Innate Abilities, Weirdness & Mutations

((You reflexively headbutt those who attack you in melee.))
((You have a pair of horns on your head.))


Message History

You block the gnoll's attack.
The gnoll hits you from afar with a halberd.
* * * LOW HITPOINT WARNING * * *
There is an escape hatch in the floor here.
There is a stone staircase leading up here.
Okay, then.
Found a runed hat.
It was a potion of lignification.
You turn into a tree.
Your +0 scale mail melds into your body.
Your roots penetrate the ground.
The gnoll hits you but does no damage. x2
As you read the scroll labeled HUUQ CUMEKHLUS, it crumbles to dust.
You feel aware of your surroundings.
You sensed 1 altar.
It was a scroll of magic mapping.
The gnoll hits you from afar with a halberd.
* * * LOW HITPOINT WARNING * * *
The gnoll hits you but does no damage.
You cannot move.
You block the gnoll's attack.
The gnoll hits you from afar with a halberd.
You die...

*,*****+***** *,* *,,,,,,,*
****,###,,,,,,,*
*,,,,#.+,,,,,,,*
*******,**,#.#,,,,,,,*
*,,,,,*,**,#.#,,,,,,,*
*,,,,,+,***#.#,,,,,,,* *****
*,,,,,*** #.###########*,,,,
*,,,,.######♣..........#*,,,,
*,>,,[..................,,,,,
*,,,,.#.....gg#......#.#*,,,,
*,,,,,#.##...<....##.#,**,,,,
**,,,,#.##.##.....#*,#,**,,,,
*,,,.#......>....##.#.**,,,,
*,,,..................,,,,,,
*****##..............#****,,
*******#...##.........# *,,


You could see 2 gnolls.

Vanquished Creatures
  A gnoll (D:2)
  3 dart slugs (D:1)
  A giant cockroach (D:1)
  2 goblins (D:1)
  5 hobgoblins (D:1)
  A ball python (D:1)
  3 bats
  2 frilled lizards
  3 kobolds (D:1)
  A rat (D:2)
22 creatures vanquished.

Notes
Turn   | Place    | Note
-------+----------+-------------------------------------------
     0 | D:1      | esteth the Minotaur Fighter began the quest for the Orb.
     0 | D:1      | Reached XP level 1. HP: 19/19 MP: 0/0
   163 | D:1      | Found an iron altar of Okawaru.
   173 | D:1      | Reached XP level 2. HP: 26/27 MP: 1/1
   181 | D:1      | Became a worshipper of Warmaster Okawaru
   649 | D:2      | Reached XP level 3. HP: 15/33 MP: 2/2
   651 | D:2      | HP: 1/33 [gnoll/halberd (4)]
   660 | D:2      | HP: 1/49 [gnoll/halberd (3)]
   662 | D:2      | Slain by a gnoll

Skill      XL: |  1  2 |
---------------+-------+-----
Axes           | 3 |  3.9
Fighting       | |  3.9
Armour         | |  3.7
Shields        | |  3.9

Action                   || total
-------------------------++-------
Melee: War axe           ||    53
       Headbutt          ||     5
  Use: Scroll            ||     1
       Potion            ||     1
Armor: Scale mail        ||    29
       Skin              ||     3
Dodge: Dodged            ||    22
Block: Shield            ||    34
